 Dungeon Crawl Stone Soup version 0.30.0-10-gfe55d96785 (webtiles) character file.

Game seed: 12599696499645499867

331 Sabo the Trooper (level 6, -5/33 HPs)
             Began as a Vine Stalker Fighter on May 15, 2023.
             Was an Initiate of Makhleb.
             Slain by Crazy Yiuf
             ... wielding a +4 quarterstaff of chaos
              (9 damage)
             ... on level 4 of the Dungeon.
             The game lasted 00:23:03 (3837 turns).

Sabo the Trooper (Vine Stalker Fighter)             Turns: 3837, Time: 00:23:04

Health: -5/33      AC:  8    Str: 21    XL:     6   Next: 51%
Magic:  0/8        EV: 11    Int: 11    God:    Makhleb [......]
Gold:   174        SH:  4    Dex: 13    Spells: 6/7 levels left

rFire   . . .        a - +1 war axe
rCold   + . .        c - +0 buckler
rNeg    . . .        t - +1 leather armour of Delicate Mirth {rC+ Will+ Regen+ Int+3}
rPois   +            e - +2 helmet
rElec   .            (no cloak)
rCorr   .            b - +0 pair of gloves
SInv    .            (no boots)
Will    +....        (no amulet)
Stlth   +            l - ring of poison resistance
HPRegen 1.85/turn    o - ring of wizardry
MPRegen 0.11/turn

%: guardian spirit, wizardry (x1)
@: no status effects
A: fangs 2, regeneration 1, magic shield, antimagic bite, no potion heal 2
a: Renounce Religion


You were on level 4 of the Dungeon.
You worshipped Makhleb.
Makhleb was noncommittal.
You visited 2 branches of the dungeon, and saw 5 of its levels.

You collected 174 gold pieces.

Inventory:

Hand Weapons
 a - a +1 war axe (weapon)
 x - a +2 scythe of flaming
Missiles
 j - 17 boomerangs (quivered)
 k - 20 poisoned darts
Armour
 b - a +0 pair of gloves (worn)
 c - a +0 buckler (worn)
 e - a +2 helmet (worn)
 n - a +0 chain mail
 t - the +1 leather armour of Delicate Mirth (worn) {rC+ Will+ Regen+ Int+3}
   (You found it on level 2 of the Dungeon)

   Int:       It affects your intelligence (+3).
   rC:        It protects you from cold.
   Regen:     It increases your rate of health regeneration.
   Will:      It increases your willpower.
 w - a +1 helmet of intelligence
Jewellery
 l - a ring of poison resistance (left hand)
 o - a ring of wizardry (right hand)
Scrolls
 g - a scroll of butterflies {unknown}
 h - 2 scrolls of blinking {unknown}
 i - a scroll of teleportation {unknown}
 m - a scroll of enchant weapon
 p - a scroll of fog
 u - 3 scrolls of identify {unknown}
 y - a scroll of fear {unknown}
Potions
 d - a potion of might
 f - 2 potions of brilliance {unknown}
 q - 3 potions of curing {unknown}
 r - a potion of cancellation {unknown}
 s - a potion of lignification {unknown}
 v - a potion of mutation {unknown}


   Skills:
 + Level 3.6 Fighting
 + Level 3.6 Axes
 + Level 3.0 Armour
 + Level 1.7 Dodging
 + Level 0.4 Stealth
 + Level 3.2 Shields
 + Level 1.0 Spellcasting
 + Level 0.6 Conjurations
 + Level 1.0 Air Magic


You had 6 spell levels left.
You knew the following spells:

 Your Spells              Type           Power      Damage    Failure   Level
a - Shock                 Conj/Air       8%         1d3       13%         1

Your spell library contained the following spells:

 Spells                   Type           Power      Damage    Failure   Level
 Magic Dart               Conj           8%         1d3       14%         1
 Call Imp                 Summ           0%         N/A       26%         2
 Swiftness                Air            2%         N/A       32%         3
 Mephitic Cloud           Conj/Pois/Air  1%         N/A       38%         3
 Gell's Gravitas          Tloc           0%         N/A       45%         3
 Ozocubu's Armour         Ice            0%         N/A       45%         3
 Summon Guardian Golem    Hex/Summ       0%         N/A       45%         3
 Teleport Other           Tloc           0%         N/A       45%         3
 Airstrike                Air            1%         2d(1-17)  71%         4
 Dispersal                Tloc           0%         N/A       100%        6
 Orb of Destruction       Conj           1%         9d5       100%        7
 Ozocubu's Refrigeration  Ice            0%         4d7       100%        7
 Spellforged Servitor     Conj/Summ      0%         N/A       100%        7


Dungeon Overview and Level Annotations

Branches:
Dungeon (4/15)             Temple (1/1) D:4

Altars:
Ashenzari
Cheibriados
Dithmenos
Elyvilon
Fedhas
Gozag
Hepliaklqana
Makhleb
Nemelex Xobeh
Okawaru
Qazlal
Ru
Sif Muna
Trog
Uskayaw
Vehumet
Xom
Yredelemnul
Zin
The Shining One

Annotations:
D:4 Crazy Yiuf
Temple 2 transporters


Innate Abilities, Weirdness & Mutations

You have extremely sharp teeth.
Your natural rate of healing is unusually fast.
When hurt, damage is shared between your health and your magic reserves.
Your bite disrupts and absorbs the magic of your enemies.
Potions cannot restore your health.


Message History

There is a large open door here.
There is a large open door here.
A giant cockroach comes into view.
Found a There-And-Back Book.
The giant cockroach bites you but does no damage.
You closely miss the giant cockroach. The giant cockroach barely misses you.
You slash the giant cockroach!
You kill the giant cockroach!
Makhleb accepts your kill.
Found a stone staircase leading down.
You pick up a There-And-Back Book and begin reading...
You add the spells Gell's Gravitas, Teleport Other and Dispersal to your library.
There is a shaft here.
Found a hammer.
Found a runed translucent door.
Crazy Yiuf shouts!
You open the door. You hit Crazy Yiuf but do no damage.
You bite Crazy Yiuf, but do no damage.
Crazy Yiuf hits you with a +4 quarterstaff of chaos.
Crazy Yiuf burns you.
Crazy Yiuf hits you with a +4 quarterstaff of chaos.
You feel your power leaking away.
You hit Crazy Yiuf. Your bite misses Crazy Yiuf.
Crazy Yiuf is lightly wounded.
Crazy Yiuf completely misses you.
You slash Crazy Yiuf! Your bite misses Crazy Yiuf.
Crazy Yiuf is severely wounded.
Crazy Yiuf hits you with a +4 quarterstaff of chaos.
Space warps around you.
Crazy Yiuf hits you with a +4 quarterstaff of chaos!
You hit Crazy Yiuf. You bite Crazy Yiuf. You drain his power.
You feel invigorated.
Crazy Yiuf is almost dead.
Crazy Yiuf hits you with a +4 quarterstaff of chaos!
* * * LOW HITPOINT WARNING * * *
You hit Crazy Yiuf.
Crazy Yiuf is almost dead.
Crazy Yiuf hits you with a +4 quarterstaff of chaos.
* * * LOW HITPOINT WARNING * * *
You are electrocuted!
You die...

###.....######.....#
....###............#
##### ###....#.....#
...#################
........# #####.###
#.####♣♣ ###
#.#....♣♣ ♣♣#..)#
#.......♣♣♣♣@g...#
###.....^♣..♣#...#
##....♣.♣♣♣ ###
###♣♣♣♣♣


You could see Crazy Yiuf.

Vanquished Creatures
  Sigmund (D:4)
  A sleepcap (D:4)
  A scorpion zombie (D:3)
  A hound zombie (D:3)
  2 adders
  A worm (D:2)
  2 dart slugs
  5 ball pythons
  6 bats
  9 endoplasms
  8 giant cockroaches
  7 goblins
  10 hobgoblins
  3 jackals (D:3)
  A quokka (D:1)
  5 frilled lizards
  11 kobolds
  11 rats
  A butterfly (D:4)
86 creatures vanquished.

Notes
Turn   | Place    | Note
-------+----------+-------------------------------------------
     0 | D:1      | Sabo the Vine Stalker Fighter began the quest for the Orb.
     0 | D:1      | Reached XP level 1. HP: 11/11 MP: 2/2
    45 | D:1      | Reached XP level 2. HP: 10/16 MP: 1/3
   296 | D:1      | Found a faded altar of an unknown god.
   414 | D:1      | Reached XP level 3. HP: 16/20 MP: 2/4
  1778 | D:2      | Found a glowing golden altar of the Shining One.
  1825 | D:2      | Gained mutation: Your natural rate of healing is unusually
                  | fast. [Vine Stalker growth]
  1825 | D:2      | Reached XP level 4. HP: 24/24 MP: 5/5
  1831 | D:2      | Identified the +1 leather armour of Delicate Mirth {rC+
                  | Will+ Regen+ Int+3}
  2517 | D:3      | Learned a level 1 spell: Shock
  2927 | D:3      | Reached skill level 1 in Dodging
  2927 | D:3      | Reached XP level 5. HP: 28/28 MP: 1/6
  2975 | D:3      | Found a basalt altar of Yredelemnul.
  3427 | D:4      | Noticed Sigmund
  3427 | D:4      | Found a staircase to the Ecumenical Temple.
  3437 | D:4      | Killed Sigmund
  3438 | D:4      | Reached XP level 6. HP: 29/32 MP: 6/8
  3488 | Temple   | Entered the Ecumenical Temple
  3488 | Temple   | Found a transporter.
  3488 | Temple   | Found a transporter.
  3490 | Temple   | Found a transporter.
  3490 | Temple   | Found a transporter.
  3523 | Temple   | Became a worshipper of Makhleb the Destroyer
  3688 | D:4      | Reached skill level 1 in Spellcasting
  3688 | D:4      | Reached skill level 1 in Air Magic
  3828 | D:4      | Found a runed translucent door.
  3829 | D:4      | Noticed Crazy Yiuf
  3837 | D:4      | Slain by Crazy Yiuf

Illustrated notes

Levels and vault maps discovered:
D:1:      dpeg_arrival_rhombi, layout_rooms, chequers_ecumenical_altar_lobes
D:2:      layout_basic, basic_altar, kennysheep_nub, kennysheep_generic_room_12
D:3:      layout_loops_ring, lemuel_zombie_altar_yredelemnul
D:4:      layout_rooms, pdpol_wu_jian_five_deadly_venoms,
          minmay_temple_entry_butterflies, minmay_misc_feat_iff,
          grunt_ministairs_11, kennysheep_generic_room_15, uniq_sigmund,
          uniq_robin, uniq_crazy_yiuf_cottage
Temple:   hellmonk_temple_divided_pantheon

Skill      XL: |  1  2  3  4  5  6 |
---------------+-------------------+-----
Axes           | 2 3 |  3.6
Shields        | 3 |  3.2
Fighting       | 3 |  3.6
Dodging        | 1 |  1.7
Armour         | 3 |  3.0
Spellcasting   | 1 |  1.0
Air Magic      | 1 |  1.0
Stealth        | |  0.4
Conjurations   | |  0.6

Action                     |  1- 3 |  4- 6 || total
---------------------------+-------+-------++-------
  Melee: War axe           |   115 |    78 ||   193
         Bite              |    20 |    24 ||    44
   Cast: Shock             |       |    12 ||    12
    Use: Scroll            |       |     5 ||     5
         Potion            |       |     1 ||     1
   Stab: Sleeping          |       |     1 ||     1
 Armour: Scale mail        |    37 |       ||    37
         Chain mail        |     9 |     1 ||    10
         Leather armour    |       |    40 ||    40
  Dodge: Dodged            |    50 |    43 ||    93
  Block: Buckler           |    32 |    20 ||    52
